 Dungeon Crawl Stone Soup version 0.21-a0-84-g85d6d27 (webtiles) character file.

89 sscrono2 the Sneak (level 4, -5/29 HPs)
             Began as an Octopode Assassin on July 4, 2017.
             Was an Initiate of Ru.
             Slain by Sigmund
             ... wielding a +2 scythe of venom
              (8 damage)
             ... on level 2 of the Dungeon.
             The game lasted 00:01:46 (1152 turns).

sscrono2 the Sneak (Octopode Assassin)              Turns: 1152, Time: 00:01:47

Health: -5/29      AC:  3    Str: 10    XL:     4   Next: 55%
Magic:  4/4        EV: 13    Int: 13    God:    Ru [......]
Gold:   115        SH:  0    Dex: 14    Spells: 3/3 levels left

rFire    . . .     SeeInvis .   a - +2 dagger (venom)
rCold    . . .     Gourm    .   (no shield)
rNeg     . . .     Faith    .   (helmet restricted)
rPois    .         Spirit   .   (no amulet)
rElec    .         Reflect  .   (no ring)
rCorr    .         Harm     .   (no ring)
MR       .....                  (no ring)
Stlth    ++++......             (no ring)
HPRegen  0.09/turn              (no ring)
MPRegen  0.09/turn              (no ring)
                                (no ring)
                                (no ring)

@: lethally poisoned (-5 -> -22), invisible
A: almost no armour, stealthy swim, amphibious, 8 rings, constrict 8, tentacle
spike 1, iridescent scales 1, camouflage 1, gelatinous body 1
a: Renounce Religion


You were on level 2 of the Dungeon.
You worshipped Ru.
Ru was noncommittal.
You were not hungry.

You visited 1 branch of the dungeon, and saw 2 of its levels.

You collected 115 gold pieces.

Inventory:

Hand Weapons
 a - a +2 dagger of venom (weapon)
 b - a +0 blowgun
Missiles
 c - 21 poisoned needles
 d - 2 curare-tipped needles
Scrolls
 e - a scroll of immolation {unknown}
 h - 2 scrolls of identify {unknown}
Potions
 i - a potion of mutation
 k - a potion of resistance {unknown}
Comestibles
 f - 2 bread rations
 g - 3 chunks of flesh


   Skills:
 - Level 2.0 Fighting
 + Level 4.6 Short Blades
 - Level 2.0 Throwing
 - Level 1.0 Dodging
 - Level 5.3 Stealth


You had 3 spell levels left.
You didn't know any spells.

Dungeon Overview and Level Annotations

Branches:
Dungeon (2/15)

Altars:
Ru

Annotations:
D:2 Sigmund


Innate Abilities, Weirdness & Mutations

You cannot wear most types of armour.
You are very stealthy in the water. (Stealth+)
You are amphibious.
You can wear up to eight rings at the same time.
You can use your tentacles to constrict eight enemies at once.
Your skin changes colour to match your surroundings (Stealth+).
Your rubbery body absorbs attacks. (AC +1, EV +1)
One of your tentacles bears a spike.
You are partially covered in iridescent scales. (AC +2)


Message History

You feel sick.
You are too injured to fight recklessly!
You are too injured to fight recklessly!
You feel sick.
Sigmund mumbles some strange words.
Sigmund flickers and vanishes!
Deactivating autopickup; reactivate with Ctrl-A.
You feel sick.
It was a potion of mutation.
You feel extremely strange.
One of your lower tentacles grows a sharp spike.
Your tentacle spike grows bigger.
Your tentacle spike becomes smaller.
Iridescent scales grow over part of your body.
You feel sick. Something hits you!
* * * LOW HITPOINT WARNING * * *
You are more poisoned.
It was a potion of invisibility.
You fade into invisibility!
* * * LOW HITPOINT WARNING * * *
You feel sick. Something hits you!
You die...

### ... ... ##### .....
#####...##
.....#########..@.....#
.>.............###{...#
.>....####.....# #....#
.....###...###.# ♣PP..♣
.........### #.# ♣...♣♣
...........###.# ♣♣.♣♣
##.............# ♣♣
....÷.........##
............###


There were no monsters in sight!

Vanquished Creatures
  Terence (D:2)
  2 adders (D:2)
  An ooze (D:1)
  A dart slug (D:1)
  2 worms (D:2)
  2 leopard geckos (D:1)
  6 goblins
  10 kobolds
  A quokka (D:2)
  A ball python (D:1)
  5 bats
  4 rats
36 creatures vanquished.

Notes
Turn   | Place    | Note
-------+----------+-------------------------------------------
     0 | D:1      | sscrono2 the Octopode Assassin began the quest for the Orb.
     0 | D:1      | Reached XP level 1. HP: 14/14 MP: 1/1
   111 | D:1      | Reached XP level 2. HP: 19/19 MP: 2/2
   609 | D:2      | Reached XP level 3. HP: 20/24 MP: 3/3
   708 | D:2      | Found a sacrificial altar of Ru.
   723 | D:2      | Became a worshipper of Ru the Awakened
   750 | D:2      | Noticed Terence
   761 | D:2      | Killed Terence
   761 | D:2      | Reached XP level 4. HP: 17/29 MP: 4/4
  1145 | D:2      | Noticed Sigmund
  1151 | D:2      | Gained mutation: One of your tentacles bears a spike. [potion of mutation]
  1151 | D:2      | Gained mutation: One of your tentacles bears a nasty spike. [potion of mutation]
  1151 | D:2      | Lost mutation: One of your tentacles bears a nasty spike. [potion of mutation]
  1151 | D:2      | Gained mutation: You are partially covered in iridescent scales. (AC +2) [potion of mutation]
  1152 | D:2      | Slain by Sigmund

Vault maps used:
D:1:      noname_arrival_rooms_in_the_neighbourhood, moated_statue
D:2:      kennysheep_six_static_rooms, first_bread,
          nicolae_ru_sacrificial_ziggurat, uniq_crazy_yiuf_cottage,
          uniq_terence, uniq_sigmund

Skill      XL: |  1  2  3 |
---------------+----------+-----
Short Blades   | 3 4 |  4.6
Fighting       | |  2.0
Throwing       | |  2.0
Dodging        | |  1.0
Stealth        | |  5.3

Action                   |  1- 3 |  4- 6 || total
-------------------------+-------+-------++-------
Melee: Dagger            |    53 |    21 ||    74
       Constrict         |    14 |     4 ||    18
       Tentacles         |    10 |     4 ||    14
  Use: Potion            |       |     2 ||     2
 Stab: Sleeping          |     9 |     5 ||    14
  Eat: Chunk             |       |     1 ||     1
Armor: Skin              |     2 |     1 ||     3
Dodge: Dodged            |    36 |    10 ||    46
